 Dungeon Crawl Stone Soup version 0.31.0-9-g3a7656b989 (webtiles) character file.

Game seed: 2638430266210974075

57 Peloso the Covered (level 3, 0/33 HPs)
             Began as a Minotaur Fighter on Feb 5, 2024.
             Slain by a gnoll
             ... wielding a +0 halberd
              (13 damage)
             ... on level 2 of the Dungeon.
             The game lasted 00:04:13 (767 turns).

Peloso the Covered (Minotaur Fighter)                Turns: 767, Time: 00:04:14

Health: 0/33       AC:  7    Str: 20    XL:     3   Next: 73%
Magic:  2/2        EV:  9    Int:  5    God:
Gold:   30         SH:  6    Dex: 23    Spells: 2/2 levels left

rFire   . . .        a - +0 long sword
rCold   . . .        c - +0 buckler
rNeg    . . .        b - +0 scale mail
rPois   .            (helmet restricted)
rElec   .            (no cloak)
rCorr   .            (no gloves)
SInv    .            (no boots)
Will    .....        (no amulet)
Stlth   +            e - +6 ring of dexterity
HPRegen 0.25/turn    l - +6 ring of dexterity
MPRegen 0.08/turn

%: no passive effects
@: no status effects
A: horns 2, retaliatory headbutt
a: no special abilities


You were on level 2 of the Dungeon.
You visited 1 branch of the dungeon, and saw 2 of its levels.

You collected 53 gold pieces.
You spent 23 gold pieces at shops.

Inventory:

Hand Weapons
 a - a +0 long sword (weapon)
Armour
 b - a +0 scale mail (worn)
 c - a +0 buckler (worn)
Jewellery
 e - a +6 ring of dexterity (left hand)
 l - a +6 ring of dexterity (right hand)
Scrolls
 f - 2 scrolls of teleportation {unknown}
 g - 2 scrolls of fear
 j - a scroll of identify {unknown}
Potions
 d - a potion of might
 h - a potion of curing
 i - a potion of cancellation {unknown}
 k - a potion of lignification {unknown}


   Skills:
 + Level 4.1 Fighting
 + Level 3.2 Long Blades
 + Level 4.3 Armour
 + Level 0.4 Dodging
 + Level 4.1 Shields


You had 2 spell levels left.
You didn't know any spells.
Your spell library contained the following spells:

 Spells                   Type           Power      Damage    Failure   Level
 Foxfire                  Conj/Fire      0%         2x1d4     88%         1
 Sandblast                Erth           0%         2d4       88%         1
 Passwall                 Erth           0%         N/A       99%         3
 Stone Arrow              Conj/Erth      0%         3d7       99%         3
 Brom's Barrelling Bould  Conj/Erth      0%         2d3       100%        4
 Plasma Beam              Fire/Air       0%         2x1d10    100%        6
 Starburst                Conj/Fire      0%         6d3       100%        6


Dungeon Overview and Level Annotations

Branches:
Dungeon (2/15)

Altars:

Shops:
D:2 :[*?

Annotations:
D:1 2 transporters


Innate Abilities, Weirdness & Mutations

You have a pair of horns on your head.
You reflexively headbutt those who attack you in melee.


Message History

There are monsters nearby!
A gnoll comes into view. It is wielding a +0 halberd.
The gnoll shouts!
A gnoll comes into view. It is wielding a +0 flail.
The gnoll moves out of view.
The gnoll shouts!
You block the gnoll's attack. The gnoll attacks as it pursues you!
The gnoll hits you from afar with a +0 spear.
The gnoll hits you with a +0 spear.
You closely miss the gnoll. Your headbutt misses the gnoll.
The gnoll completely misses you.
You hit the gnoll but do no damage. The gnoll hits you with a +0 spear!
You block the gnoll's attack.
You slash the gnoll! You headbutt the gnoll.
You kill the gnoll!
The gnoll hits you but does no damage.
You hit the gnoll but do no damage. Your headbutt misses the gnoll.
The gnoll closely misses you. You block the gnoll's attack.
A frilled lizard comes into view.
You barely miss the gnoll.
The frilled lizard hisses angrily.
You headbutt the gnoll!
The gnoll is heavily wounded.
The gnoll closely misses you. The gnoll hits you with a +0 club.
You block the gnoll's attack.
You hit the gnoll.
The gnoll is almost dead.
You block the gnoll's attack. x2; The gnoll barely misses you.
You closely miss the gnoll.
The gnoll is almost dead.
The gnoll closely misses you. The gnoll hits you with a +0 club.
You hit the gnoll.
You kill the gnoll!
The gnoll barely misses you.
You hit the gnoll. You headbutt the gnoll.
The gnoll is moderately wounded.
You block the gnoll's attack. The gnoll hits you with a +0 flail!
The gnoll hits you from afar with a +0 halberd!
You die...

....[.# #......
......# #####....
......# ##......#
......## #.......#
..<....# #..###.##
.).....# ##.#
....##.### #lg#
....#....... #g##
......##...# ##@#
#..#####...# ##..#
#.## ###...###..###
..# ##............#
#####..#.....∩....#
......##..........#
.......)...†.........
##............>...##.#
.....##..########## #


You could see 2 gnolls and a frilled lizard.

Vanquished Creatures
  2 gnolls (D:2)
  3 ball pythons
  5 bats
  3 endoplasms
  2 giant cockroaches (D:1)
  5 goblins
  3 hobgoblins
  4 quokkas
  2 frilled lizards (D:2)
  4 kobolds
  2 rats
35 creatures vanquished.

Notes
Turn   | Place    | Note
-------+----------+-------------------------------------------
     0 | D:1      | Peloso the Minotaur Fighter began the quest for the Orb.
     0 | D:1      | Reached XP level 1. HP: 19/19 MP: 0/0
    57 | D:1      | Reached XP level 2. HP: 20/27 MP: 1/1
   550 | D:2      | Reached XP level 3. HP: 33/33 MP: 2/2
   571 | D:2      | Found Veony's Book Emporium.
   572 | D:2      | Found Asydeph's Antique Armour Shoppe.
   617 | D:2      | Found Jofunit's Assorted Antiques.
   670 | D:2      | Bought a murky black potion for 23 gold pieces
   725 | D:2      | Found Rif Zosi's Magic Scroll Emporium.
   767 | D:2      | Slain by a gnoll

Illustrated notes

Levels and vault maps discovered:
D:1:      spicycebolla_arrival_transporter_tutorial, layout_rooms
D:2:      layout_rooms, serial_shops, shop, shop, shop, shop_statue, shop

Skill      XL: |  1  2  3 |
---------------+----------+-----
Fighting       | 4 |  4.1
Shields        | 4 |  4.1
Armour         | 4 |  4.3
Long Blades    | 3 |  3.2
Dodging        | |  0.4

Action                     || total
---------------------------++-------
  Melee: Long sword        ||    74
         Headbutt          ||     7
    Use: Potion            ||     2
         Scroll            ||     1
 Armour: Scale mail        ||    48
  Dodge: Dodged            ||    31
  Block: Buckler           ||    31
